 Dungeon Crawl Stone Soup version 0.15.2 (webtiles) character file.

389 magipi the Insei (level 6, -3/38 HPs)
             Began as an Octopode Transmuter on Feb 8, 2015.
             Was an Initiate of Makhleb.
             Splashed by a jelly's acid (14 damage)
             ... on Level 6 of the Dungeon.
             The game lasted 00:34:21 (7373 turns).

magipi the Insei (Octopode Transmuter)              Turns: 7373, Time: 00:34:22

HP  -3/38        AC  2     Str 10      XL: 6   Next: 79%
MP   7/10        EV 21     Int 16      God: Makhleb [......]
Gold 285         SH  0     Dex 18      Spells:  3 memorised,  3 levels left

rFire  . . .     SeeInvis +       - Unarmed
rCold  + . .     Clarity  .     (shield currently unavailable)
rNeg   . . .     rCorr    .     (helmet currently unavailable)
rPois  x         rRot     .     (no amulet)
rElec  .         Spirit   .     h - ring of protection from cold
SustAb .         Warding  .     w - ring of see invisible
rMut   .         Stasis   .     (no ring)
Gourm  .                        (no ring)
MR     .....                    (no ring)
                                (no ring)
                                (no ring)
                                (no ring)

@: spider-form (expiring), not resistant to hostile enchantments, unstealthy
A: almost no armour, amphibious, 8 rings, (constrict 8), (camouflage 0),
(gelatinous body 0)
a: End Transformation, Renounce Religion


You were on level 6 of the Dungeon.
You worshipped Makhleb.
Makhleb was noncommittal.
You were not hungry.
You were in spider-form.
You visited 2 branches of the dungeon, and saw 7 of its levels.

You collected 285 gold pieces.

Inventory:

Missiles
 b - 23 arrows
Armour
 o - a +0 buckler of fire resistance
Comestibles
 a - 4 bread rations
 s - a beef jerky
 z - 2 chunks of worker ant flesh
Scrolls
 e - a scroll of teleportation {unknown}
 f - a scroll of random uselessness {unknown}
 m - a scroll of fog
 n - a scroll of amnesia {unknown}
 r - 2 scrolls of remove curse
 t - a scroll of identify
 u - a scroll of enchant armour {unknown}
Jewellery
 h - a ring of protection from cold (left front leg)
 w - a ring of see invisible (right front leg)
Potions
 c - a potion of cure mutation
 g - a potion of curing
 i - 2 potions of heal wounds
 j - a potion of degeneration
 k - a potion of cancellation
 l - 2 potions of invisibility
 p - a potion of magic
 v - a potion of brilliance
 x - a potion of confusion {unknown}
Books
 d - a book of Changes

   Spells                             Type                      Level
   *Beastly Appendage                 Transmutation                1
   *Sticks to Snakes                  Transmutation                2
   *Spider Form                       Transmutation/Poison         3
   Ice Form                           Ice/Transmutation            4
   Blade Hands                        Transmutation                5
 q - a book of Battle

   Spells                             Type                      Level
   Infusion                           Charms                       1
   Shroud of Golubria                 Charms/Translocation         2
   Song of Slaying                    Charms                       2
   Spectral Weapon                    Hexes/Charms                 3
   Regeneration                       Charms/Necromancy            3


   Skills:
 - Level 1.0 Fighting
 + Level 3.3 Dodging
 + Level 5.4 Unarmed Combat
 - Level 2.0 Spellcasting
 - Level 4.1 Transmutations
 - Level 2.0 Poison Magic


You had 3 spell levels left.
You knew the following spells:

 Your Spells              Type           Power        Failure   Level  Hunger
a - Beastly Appendage     Trmt           ##....       14%         1    #......
b - Sticks to Snakes      Trmt           ##........   21%         2    ###....
c - Spider Form           Trmt/Pois      ##........   36%         3    ####...


Dungeon Overview and Level Annotations

Branches:
Dungeon (6/15)             Temple (1/1) D:6

Altars:
Ashenzari
Cheibriados
Dithmenos
Elyvilon
Fedhas
Kikubaaqudgha
Makhleb
Nemelex Xobeh
Okawaru
Qazlal
Sif Muna
Trog
Vehumet
Xom
Yredelemnul
Zin
The Shining One

Shops:
D:5 %

Annotations:
D:3 Alarkh's ghost, average OgHu
D:4 Menkaure


Innate Abilities, Weirdness & Mutations

You cannot wear most types of armour.
You are amphibious.
You can wear up to eight rings at the same time.
((You can use your tentacles to constrict many enemies at once.))
((Your skin changes colour to match your surroundings (Stealth).))
((Your rubbery body absorbs attacks (AC +1).))

Vault maps used:
D:1:      eino_arrival_water_cross
D:2:      first_bread, minmay_misc_feat_room
D:3:      kennysheep_another_room
D:4:      minmay_crystal_water, st_stairs_9, kennysheep_generic_room_6,
          uniq_menkaure
D:5:      serial_shops, shop
D:6:      temple_statues, serial_shops, shop
Temple:   grunt_circular_temple_18


Message History

There is an open door here.
Cast which spell? (? or * to list) One of your tentacles grows a vicious spike.
You closely miss the hobgoblin. You grab the hobgoblin.
You pierce the hobgoblin.
You kill the hobgoblin!
Makhleb accepts your kill.
You hear a distant slurping noise.
You hear a squelching noise.
A worker ant comes into view.
The worker ant twitches its antennae in your direction.
Casting: Beastly Appendage
Confirm with . or Enter, or press ? or * to list all spells.
You extend your transformation's duration.
You tentacle-slap the worker ant. Your grab misses the worker ant.
The worker ant is moderately wounded.
The worker ant bites you.
You barely miss the worker ant. Your grab misses the worker ant.
You pierce the worker ant.
The worker ant is heavily wounded.
The worker ant bites you.
You are poisoned.
The worker ant poisons you!
You tentacle-slap the worker ant. Your grab misses the worker ant.
The worker ant is heavily wounded.
You feel sick. The worker ant closely misses you.
You barely miss the worker ant. You grab the worker ant.
You squeeze the worker ant, but do no damage.
The worker ant is heavily wounded.
You constrict the worker ant, but do no damage.
You feel sick. The worker ant barely misses you.
You tentacle-slap the worker ant but do no damage.
The worker ant is heavily wounded.
You constrict the worker ant. The worker ant bites you.
You tentacle-slap the worker ant but do no damage.
The worker ant is heavily wounded.
You constrict the worker ant.
You feel sick. The worker ant bites you.
You bludgeon the worker ant!
You kill the worker ant!
Makhleb accepts your kill.
You feel sick.
You see here a worker ant corpse.
You start butchering the worker ant corpse.
You continue butchering the corpse.
You feel sick.
You continue butchering the corpse.
Your transformation is almost over.
You continue butchering the corpse.
You finish butchering the worker ant corpse.
z - 2 chunks of worker ant flesh You feel sick.
You start resting.
You hear a distant slurping noise.
You feel sick.
Your tentacle spike disappears.
You feel sick.
You hear a distant slurping noise.
You close the door.
You feel sick.
You hear a distant slurping noise.
You feel sick.
You are no longer poisoned.
You start resting.
You hear a distant slurping noise. x2
You hear a squelching noise.
You hear a distant slurping noise. x5
You start resting.
You hear a distant slurping noise. x4
You hear a squelching noise.
You hear a distant slurping noise. x5
You hear a squelching noise.
You hear a slurping noise.
The jelly eats the door!
A jelly comes into view.
Casting: Beastly Appendage
Confirm with . or Enter, or press ? or * to list all spells.
You turn into a venomous arachnid creature.
You hear a distant slurping noise.
You hit the jelly.
Your front legs burn!
The jelly is lightly wounded.
The jelly barely misses you.
You bite the jelly!
Your front legs burn!
The jelly is moderately wounded.
The jelly completely misses you.
You hear a distant slurping noise.
You hit the jelly.
Your front legs burn!
The jelly is heavily wounded.
The jelly misses you.
You hit the jelly.
Your front legs burn!
The jelly is heavily wounded.
Your transformation is almost over.
The jelly completely misses you.
You bite the jelly!
Your front legs burn!
The jelly is severely wounded.
The jelly barely misses you.
You hit the jelly.
Your front legs burn!
* * * LOW HITPOINT WARNING * * *
The jelly is almost dead.
The jelly hits you.
* * * LOW HITPOINT WARNING * * *
You are splashed with acid!
The acid burns!
You die...

#+## . +.....# >. #..... ..
#..... .. #.... #.. +# # #..#
######+##..... ...
##..###......##......
......#....................
..............Js...........
.W......#............##...#
........#............##...####+##
........#..................#.....
...W....#..................+.....
........#+######.....##....#.....
...............#.....##....#.....
...............+.....##...##....#
<..............#.....##...##'####


You could see a jelly.

Table legend:
 A = Kills in this place as a percentage of kills in entire the game.
 B = Kills by you in this place as a percentage of kills by you in the entire game.
 C = Kills by friends in this place as a percentage of kills by friends in the entire game.
 D = Other kills in this place as a percentage of other kills in the entire game.
 E = Experience gained in this place as a percentage of experience gained in the entire game.
 F = Experience gained in this place divided by the number of levels of this place that you have seen.
                   A       B       C       D       E      F
               +-------+-------+-------+-------+-------+----------------------
         Total | 100.0 | 100.0 | 100.0 |  -nan | 100.0 |  79.6
       Dungeon | 100.0 | 100.0 | 100.0 |  -nan | 100.0 |  92.8
               +-------+-------+-------+-------+-------+----------------------

Vanquished Creatures
  An ogre (D:4)
  A goliath beetle (D:5)
  2 jellies (D:6)
  A worker ant (D:6)
  3 adders
  An orc zombie (D:5)
  A shadow imp (D:6)
  2 worms
  An iguana skeleton (D:4)
  6 giant geckos
  3 oozes
  An orc (D:5)
  7 ball pythons
  9 giant cockroaches
  17 goblins
  7 hobgoblins
  10 kobolds
  7 bats
  3 giant newts
  A goblin skeleton (D:4)
  11 rats
95 creatures vanquished.

Vanquished Creatures (collateral kills)
  A worker ant (D:5)
  3 adders
  2 kobolds
6 creatures vanquished.

Grand Total: 101 creatures vanquished

Notes
Turn   | Place    | Note
--------------------------------------------------------------
     0 | D:1      | magipi, the Octopode Transmuter, began the quest for the Orb.
     0 | D:1      | Reached XP level 1. HP: 13/13 MP: 3/3
   603 | D:1      | Reached XP level 2. HP: 16/18 MP: 2/4
   833 | D:1      | Learned a level 2 spell: Sticks to Snakes
  1443 | D:1      | Reached XP level 3. HP: 17/23 MP: 4/6
  1537 | D:1      | Learned a level 3 spell: Spider Form
  2324 | D:2      | Reached skill level 1 in Poison Magic
  2324 | D:2      | Reached XP level 4. HP: 24/28 MP: 1/7
  3057 | D:3      | Reached skill level 4 in Unarmed Combat
  3220 | D:3      | Noticed Alarkh's ghost (average OgHu)
  3514 | D:4      | Noticed an ogre
  4132 | D:4      | Noticed Menkaure
  4589 | D:3      | Reached XP level 5. HP: 29/33 MP: 6/9
  4743 | D:4      | Killed an ogre
  5247 | D:4      | Reached XP level 6. HP: 38/38 MP: 8/10
  5432 | D:5      | Entered Level 5 of the Dungeon
  5545 | D:5      | Found Miav's Food Shoppe.
  6625 | D:5      | Reached skill level 5 in Unarmed Combat
  7061 | D:6      | Found a staircase to the Ecumenical Temple.
  7072 | Temple   | Entered the Ecumenical Temple
  7122 | Temple   | Became a worshipper of Makhleb the Destroyer
  7373 | D:6      | Splashed by a jelly's acid

Action                   |  1- 3 |  4- 6 || total
-------------------------+-------+-------++-------
Melee: Unarmed           |    79 |   148 ||   227
 Cast: Beastly Appendage |    26 |    32 ||    58
       Sticks to Snakes  |     6 |    12 ||    18
       Spider Form       |       |     8 ||     8
  Use: Scroll            |       |    11 ||    11
       Potion            |       |     1 ||     1
 Stab: Sleeping          |     3 |    11 ||    14
  Eat: Chunk             |     5 |     9 ||    14
       Meat ration       |       |     2 ||     2

Action                   |  1- 3 |  4- 6 || total
-------------------------+-------+-------++-------
Melee: Unarmed           |    79 |   148 ||   227
 Cast: Beastly Appendage |    26 |    32 ||    58
       Sticks to Snakes  |     6 |    12 ||    18
       Spider Form       |       |     8 ||     8
  Use: Scroll            |       |    11 ||    11
       Potion            |       |     1 ||     1
 Stab: Sleeping          |     3 |    11 ||    14
  Eat: Chunk             |     5 |     9 ||    14
       Meat ration       |       |     2 ||     2

Action                   |  1- 3 |  4- 6 || total
-------------------------+-------+-------++-------
Melee: Unarmed           |    79 |   148 ||   227
 Cast: Beastly Appendage |    26 |    32 ||    58
       Sticks to Snakes  |     6 |    12 ||    18
       Spider Form       |       |     8 ||     8
  Use: Scroll            |       |    11 ||    11
       Potion            |       |     1 ||     1
 Stab: Sleeping          |     3 |    11 ||    14
  Eat: Chunk             |     5 |     9 ||    14
       Meat ration       |       |     2 ||     2
